 Dungeon Crawl Stone Soup version 0.22.1-7-g5c428e7 (webtiles) character file.

170 misha the Skirmisher (level 5, -1/47 HPs)
             Began as a Minotaur Fighter on Mar 1, 2019.
             Engulfed by a cloud of flame (29 damage)
             ... on level 4 of the Dungeon.
             The game lasted 00:10:35 (2886 turns).

misha the Skirmisher (Minotaur Fighter)             Turns: 2886, Time: 00:10:36

Health: -1/47      AC:  7    Str: 22    XL:     5   Next: 26%
Magic:  4/4        EV:  8    Int:  5    God:
Gold:   151        SH:  9    Dex:  9    Spells: 4/4 levels left

rFire    . . .     SeeInvis .   a - +0 flail
rCold    . . .     Gourm    .   c - +0 shield
rNeg     . . .     Faith    .   b - +0 scale mail
rPois    .         Spirit   .   (helmet restricted)
rElec    .         Reflect  .   (no cloak)
rCorr    .         Harm     .   (no gloves)
MR       .....                  (no boots)
Stlth    ..........             (no amulet)
HPRegen  0.15/turn              k - ring of flight
MPRegen  0.09/turn              q - ring of flight

@: no status effects
A: retaliatory headbutt, horns 2
a: Evoke Flight


You were on level 4 of the Dungeon.
You were not hungry.

You visited 1 branch of the dungeon, and saw 4 of its levels.

You collected 151 gold pieces.

Inventory:

Hand Weapons
 a - a +0 flail (weapon)
 f - a +0 flail
Armour
 b - a +0 scale mail (worn)
 c - a +0 shield (worn)
 n - a +0 helmet
Jewellery
 k - a ring of flight (left hand)
 q - a ring of flight (right hand)
Scrolls
 g - 2 scrolls of remove curse
 p - 2 scrolls of teleportation
 s - a scroll of fear {unknown}
 t - a scroll of enchant armour {unknown}
 u - a scroll of amnesia {unknown}
 v - a scroll of fog {unknown}
Potions
 d - a potion of might
 e - a potion of berserk rage
 h - a potion of mutation
 j - 3 potions of curing {unknown}
 l - 2 potions of invisibility {unknown}
 m - a potion of ambrosia {unknown}
 r - a potion of cancellation {unknown}
Comestibles
 i - 8 rations


   Skills:
 + Level 4.8 Fighting
 + Level 3.4 Maces & Flails
 + Level 4.5 Armour
 + Level 1.7 Dodging
 + Level 4.6 Shields
 + Level 0.3 Evocations


You had 4 spell levels left.
You didn't know any spells.
Your spell library was empty.

Dungeon Overview and Level Annotations

Branches:
Dungeon (4/15)
 Temple: D:4-7

Altars:
Fedhas
Hepliaklqana
Makhleb
Trog


Innate Abilities, Weirdness & Mutations

You reflexively headbutt those who attack you in melee.
You have a pair of horns on your head.


Message History

As you read the scroll of identify, it crumbles to dust.
h - a potion of mutation The hound barks!
Okay, then.
As you read the scroll labeled LAUBRI LYROBA, it crumbles to dust.
The creatures around you are filled with an inner flame!
It was a scroll of immolation.
You closely miss the hound. The hound bites you but does no damage.
The hound bites you.
You completely miss the hound. You block the hound's attack.
The hound barely misses you.
You miss the hound. The hound barely misses you. You block the hound's attack.
You barely miss the hound. You block the hound's attack. x2
You closely miss the hound. You block the hound's attack. The hound bites you.
You sock the hound! You headbutt the hound.
The hound explodes!
The fiery explosion engulfs you!
You are engulfed in blazing flames.
Ouch! That really hurt!
You die...

######
####....#
#.....).##
#........#
##...%..##
#§§§..)#
##@§%..#
#§§..##
....##
.......
.########
.. .. ..


There were no monsters in sight!

Vanquished Creatures
  A hound (D:4)
  Jessica (D:2)
  5 adders
  2 worms
  3 dart slugs
  3 leopard geckos (D:1)
  2 ball pythons
  6 bats
  3 giant cockroaches
  5 goblins
  8 hobgoblins
  4 jackals (D:2)
  3 kobolds
  A quokka (D:2)
  5 frilled lizards
  6 rats
58 creatures vanquished.

Notes
Turn   | Place    | Note
-------+----------+-------------------------------------------
     0 | D:1      | misha the Minotaur Fighter began the quest for the Orb.
     0 | D:1      | Reached XP level 1. HP: 19/19 MP: 0/0
   324 | D:1      | Reached XP level 2. HP: 24/27 MP: 1/1
  1182 | D:2      | Reached XP level 3. HP: 33/33 MP: 2/2
  1881 | D:2      | Reached XP level 4. HP: 40/40 MP: 3/3
  2052 | D:2      | Noticed Jessica
  2058 | D:2      | Killed Jessica
  2434 | D:3      | Reached skill level 1 in Dodging
  2758 | D:3      | Reached XP level 5. HP: 45/47 MP: 4/4
  2800 | D:3      | Found a hazy altar of Hepliaklqana.
  2800 | D:3      | Found a burning altar of Makhleb.
  2801 | D:3      | Found a blossoming altar of Fedhas.
  2801 | D:3      | Found a bloodstained altar of Trog.
  2886 | D:4      | Engulfed by a cloud of flame

Skill      XL: |  1  2  3  4 |
---------------+-------------+-----
Fighting       | 4 |  4.8
Shields        | 4 |  4.6
Maces & Flails | 3 |  3.4
Armour         | 4 |  4.5
Dodging        | 1 |  1.7
Evocations     | |  0.3

Action                   |  1- 3 |  4- 6 || total
-------------------------+-------+-------++-------
Melee: Flail             |   102 |    64 ||   166
       Headbutt          |    15 |     8 ||    23
 Abil: Evoke Flight      |       |     1 ||     1
  Use: Scroll            |     3 |     5 ||     8
  Eat: Ration            |     1 |       ||     1
       Chunk             |       |     3 ||     3
Armor: Scale mail        |    83 |    29 ||   112
Dodge: Dodged            |    43 |    20 ||    63
Block: Shield            |    78 |    42 ||   120
